| TOP OF THE 1ST |
|
Covington Blue Sox batting - Pitching for Waynesboro Braves : RHP Scott Skripko
|
|
Pitching: RHP Scott Skripko
|
|
|
Batting: RHB Douglas Palmer
|
0-0: Ball 1-0: Ball 2-0: Called Strike 2-1: Foul Ball, location: 2F 2-2: Foul Ball, location: 2F 2-2: Ground out 6-3 (Groundball, 56, EV 106.3 MPH)
|
|
Batting: RHB Joseph Tarver
|
0-0: Ball 1-0: Fly out, F9 (Flyball, 9D, EV 93.8 MPH)
|
|
Batting: LHB Tito Nanni
|
0-0: Called Strike 0-1: Ball 1-1: Called Strike 1-2: Fly out, F8 (Flyball, 8LXD, EV 96.9 MPH)
|
| Top of the 1st over - 0 runs, 0 hits, 0 errors, 0 left on base; Covington 0 - Waynesboro 0 |
| BOTTOM OF THE 1ST |
|
Waynesboro Braves batting - Pitching for Covington Blue Sox : LHP Edward Rech
|
|
Pitching: LHP Edward Rech
|
|
|
Batting: RHB Richie Carter
|
0-0: Ball 1-0: Called Strike 1-1: Swinging Strike 1-2: Foul Ball, location: 2F 1-2: Foul Ball, location: 2F 1-2: DOUBLE (Flyball, 8RD, EV 95.0 MPH)
|
|
Batting: RHB Sam Khalifa
|
0-0: Ball 1-0: Ball 2-0: Foul Ball, location: 2F 2-1: Ground out 3-1 (Groundball, 34S, EV 90.0 MPH) Richie Carter to third
|
|
Batting: RHB Bob Calley
|
0-0: Called Strike 0-1: Ball 1-1: Swinging Strike 1-2: Ground out 4-3 (Groundball, 4, EV 86.9 MPH) Richie Carter scores
|
|
Batting: RHB Gary Gill
|
0-0: Ball 1-0: Ball 2-0: Ball 3-0: Called Strike 3-1: SINGLE (Groundball, P, EV 77.5 MPH) (infield hit)
|
|
Batting: RHB Rey Palacios
|
0-0: Ball 1-0: Called Strike 1-1: Ball 2-1: Ball 3-1: Ground out 1-3 (Groundball, 13S, EV 65.0 MPH)
|
| Bottom of the 1st over - 1 run, 2 hits, 0 errors, 1 left on base; Covington 0 - Waynesboro 1 |
| TOP OF THE 2ND |
|
Covington Blue Sox batting - Pitching for Waynesboro Braves : RHP Scott Skripko
|
|
Batting: RHB Francisco Batista
|
0-0: Swinging Strike 0-1: Swinging Strike 0-2: Strikes out looking
|
|
Batting: RHB Reginald Dewar
|
0-0: Called Strike 0-1: Ball 1-1: Ball 2-1: Ball 3-1: Ground out 6-3 (Groundball, 6M, EV 108.8 MPH)
|
|
Batting: RHB William Hoff
|
0-0: Called Strike 0-1: Ball 1-1: Ground out 1-3 (Groundball, 34S, EV 67.5 MPH)
|
| Top of the 2nd over - 0 runs, 0 hits, 0 errors, 0 left on base; Covington 0 - Waynesboro 1 |
| BOTTOM OF THE 2ND |
|
Waynesboro Braves batting - Pitching for Covington Blue Sox : LHP Edward Rech
|
|
Batting: RHB Roberto Carrero
|
0-0: Ball 1-0: Ball 2-0: Foul Ball, location: 2F 2-1: Called Strike 2-2: Fly out, F9 (Flyball, 9S, EV 91.9 MPH)
|
|
Batting: RHB Juan Velazquez
|
0-0: Called Strike 0-1: Ground out 6-3 (Groundball, 6, EV 106.3 MPH)
|
|
Batting: RHB Thomas Walker
|
0-0: Fly out, F8 (Flyball, 89XD, EV 101.9 MPH)
|
| Bottom of the 2nd over - 0 runs, 0 hits, 0 errors, 0 left on base; Covington 0 - Waynesboro 1 |
| TOP OF THE 3RD |
|
Covington Blue Sox batting - Pitching for Waynesboro Braves : RHP Scott Skripko
|
|
Batting: RHB Kenneth Bodle
|
0-0: Called Strike 0-1: Ball 1-1: Ball 2-1: Foul Ball, location: 2F 2-2: Ground out 6-3 (Groundball, P, EV 78.1 MPH)
|
|
Batting: RHB Ronn Reynolds
|
0-0: Called Strike 0-1: Foul Ball, location: 2F 0-2: Ball 1-2: Ball 2-2: Ball 3-2: Foul Ball, location: 2F 3-2: Foul Ball, location: 2F 3-2: SINGLE (Line Drive, 8LS, EV 106.3 MPH)
|
|
Batting: SHB Sam Haro
|
0-0: Ball 1-0: Ball 2-0: Ball 3-0: Called Strike 3-1: Base on Balls Ronn Reynolds to second
|
|
Batting: RHB Douglas Palmer
|
0-0: Called Strike 0-1: Swinging Strike 0-2: Ball 1-2: Fly out, F8 (Flyball, 8LD, EV 83.1 MPH)
|
|
Batting: RHB Joseph Tarver
|
0-0: Swinging Strike 0-1: Called Strike 0-2: DOUBLE (Line Drive, 89D, EV 98.1 MPH) Ronn Reynolds scores Sam Haro to third Runner from 3rd tries for Home, SAFE, throw by CF to trailing runner, SAFE at third!
|
|
Batting: LHB Tito Nanni
|
0-0: Ball 1-0: SINGLE (Groundball, 4MD, EV 103.1 MPH) Joseph Tarver scores
|
|
Batting: RHB Francisco Batista
|
0-0: Ball Tito Nanni steals 2nd base (no throw) 1-0: DOUBLE (Line Drive, 78XD, EV 105.6 MPH) Tito Nanni scores
|
|
Batting: RHB Reginald Dewar
|
0-0: Ground out 5-3 (Groundball, 56, EV 89.4 MPH)
|
| Top of the 3rd over - 4 runs, 4 hits, 0 errors, 1 left on base; Covington 4 - Waynesboro 1 |
| BOTTOM OF THE 3RD |
|
Waynesboro Braves batting - Pitching for Covington Blue Sox : LHP Edward Rech
|
|
Batting: RHB Andres Amoros
|
0-0: Ball 1-0: Swinging Strike 1-1: Foul Ball, location: 2F 1-2: Strikes out swinging
|
|
Batting: RHB Richie Carter
|
0-0: Ground out 1-3 (Groundball, 15S, EV 62.5 MPH)
|
|
Batting: RHB Sam Khalifa
|
0-0: Ball 1-0: Foul Ball, location: 2F 1-1: DOUBLE (Line Drive, 89D, EV 98.1 MPH) - OUT at third base trying to stretch hit.
|
| Bottom of the 3rd over - 0 runs, 1 hit, 0 errors, 0 left on base; Covington 4 - Waynesboro 1 |
| TOP OF THE 4TH |
|
Covington Blue Sox batting - Pitching for Waynesboro Braves : RHP Scott Skripko
|
|
Batting: RHB William Hoff
|
0-0: Ball 1-0: SINGLE (Groundball, 34S, EV 63.8 MPH) (infield hit)
|
|
Batting: RHB Kenneth Bodle
|
0-0: Ball 1-0: Called Strike 1-1: Ball 2-1: Ball 3-1: Foul Ball, location: 2F 3-2: Base on Balls William Hoff to second
|
|
Pitching: RHP Mike Norment
|
|
|
Batting: RHB Ronn Reynolds
|
0-0: Foul Ball, location: 2F 0-1: Ball 1-1: Ball 2-1: Called Strike 2-2: Fielders Choice at 2nd, 3-6 (Groundball, 34, EV 103.1 MPH) William Hoff to third
|
|
Batting: SHB Sam Haro
|
0-0: Called Strike 0-1: Ball 1-1: SINGLE (Line Drive, 8LS, EV 95.6 MPH) William Hoff scores Ronn Reynolds to second Runner from 2nd tries for 3rd, SAFE, no throw by CF
|
|
Batting: RHB Douglas Palmer
|
0-0: Ball 1-0: Foul Ball, location: 2F 1-1: Ball 2-1: Ball 3-1: Base on Balls Sam Haro to second
|
|
Batting: RHB Joseph Tarver
|
0-0: Foul Ball, location: 2F 0-1: Ball Wild Pitch! Ronn Reynolds scores Sam Haro to third Douglas Palmer to second 1-1: SINGLE (Groundball, 4M, EV 100.0 MPH) (infield hit) Sam Haro scores Douglas Palmer to third
|
|
Batting: LHB Tito Nanni
|
0-0: Foul Ball, location: 2F 0-1: Swinging Strike 0-2: Ball 1-2: Ball 2-2: Ball 3-2: Foul Ball, location: 2F 3-2: Foul Ball, location: 2F 3-2: Fielders Choice at 2nd, 5-4 (Groundball, 5, EV 81.3 MPH) Douglas Palmer scores
|
|
Batting: RHB Francisco Batista
|
0-0: DOUBLE (Flyball, 78D, EV 94.4 MPH) Tito Nanni to third Runner from 3rd tries for Home, SAFE, no throw by CF
|
|
Batting: RHB Reginald Dewar
|
0-0: Ball 1-0: Ball 2-0: DOUBLE (Groundball, 5L, EV 101.3 MPH) Francisco Batista scores
|
|
Batting: RHB William Hoff
|
0-0: Called Strike 0-1: Ball 1-1: Ball 2-1: Called Strike 2-2: Fly out, F8 (Flyball, 8LM, EV 88.8 MPH)
|
| Top of the 4th over - 6 runs, 5 hits, 0 errors, 1 left on base; Covington 10 - Waynesboro 1 |
| BOTTOM OF THE 4TH |
|
Waynesboro Braves batting - Pitching for Covington Blue Sox : LHP Edward Rech
|
|
Batting: RHB Bob Calley
|
0-0: Called Strike 0-1: Called Strike 0-2: Ball 1-2: Ball 2-2: Ball 3-2: Foul Ball, location: 2F 3-2: Foul Ball, location: 2F 3-2: Base on Balls
|
|
Batting: RHB Gary Gill
|
0-0: TRIPLE (Flyball, 89XD, EV 105.6 MPH) Bob Calley scores
|
|
Batting: RHB Rey Palacios
|
0-0: Ball 1-0: Ground out 1-3 (Groundball, 13S, EV 66.9 MPH)
|
|
Batting: RHB Roberto Carrero
|
0-0: Ball 1-0: Ball 2-0: Ground out U3 (Groundball, 3, EV 86.3 MPH)
|
|
Batting: RHB Juan Velazquez
|
0-0: Ground out 6-3 (Groundball, 6, EV 103.1 MPH)
|
| Bottom of the 4th over - 1 run, 1 hit, 0 errors, 1 left on base; Covington 10 - Waynesboro 2 |
| TOP OF THE 5TH |
|
Covington Blue Sox batting - Pitching for Waynesboro Braves : RHP Mike Norment
|
|
Batting: RHB Kenneth Bodle
|
0-0: Called Strike 0-1: SOLO HOME RUN (Flyball, 7LD, EV 103.8 MPH), Distance : 364 ft
|
|
Batting: RHB Ronn Reynolds
|
0-0: Ball 1-0: Ball 2-0: Called Strike 2-1: Foul Ball, location: 2F 2-2: Foul Ball, location: 2F 2-2: Ball 3-2: Base on Balls
|
|
Batting: SHB Sam Haro
|
0-0: SINGLE (Line Drive, 56D, EV 103.1 MPH) Ronn Reynolds to second
|
|
Batting: RHB Douglas Palmer
|
0-0: Fielders Choice at 2nd, 4-6 (Groundball, 4, EV 83.8 MPH) Ronn Reynolds to third
|
|
Batting: RHB Joseph Tarver
|
0-0: Fly out, F4 (Flyball, 34D, EV 90.0 MPH)
|
|
Batting: LHB Tito Nanni
|
0-0: Swinging Strike 0-1: SINGLE (Flyball, 78S, EV 86.3 MPH) Ronn Reynolds scores Douglas Palmer to second
|
|
Pitching: RHP Danny Chapa
|
|
|
Batting: RHB Francisco Batista
|
0-0: Ball 1-0: Reached on error, E3 (Groundball, 34, EV 86.3 MPH) Douglas Palmer to third Tito Nanni to second
|
|
Batting: RHB Reginald Dewar
|
0-0: Ground out U3 (Groundball, 3S, EV 87.5 MPH)
|
| Top of the 5th over - 2 runs, 3 hits, 1 error, 3 left on base; Covington 12 - Waynesboro 2 |
| BOTTOM OF THE 5TH |
|
Waynesboro Braves batting - Pitching for Covington Blue Sox : LHP Edward Rech
|
|
Batting: RHB Thomas Walker
|
0-0: Ball 1-0: Ball 2-0: Foul Ball, location: 2F 2-1: Swinging Strike 2-2: SINGLE (Flyball, 89S, EV 93.8 MPH)
|
|
Batting: RHB Andres Amoros
|
0-0: Ball 1-0: Ball 2-0: Called Strike 2-1: Fly out, F7 (Line Drive, 7D, EV 91.9 MPH)
|
|
Batting: RHB Richie Carter
|
0-0: Foul Ball, location: 2F 0-1: Foul Ball, location: 2F 0-2: DOUBLE (Groundball, 3L, EV 108.1 MPH) Thomas Walker to third
|
|
Batting: RHB Sam Khalifa
|
0-0: Ball 1-0: SINGLE (Line Drive, 9S, EV 93.1 MPH) Thomas Walker scores Richie Carter to third
|
|
Batting: RHB Bob Calley
|
0-0: Called Strike 0-1: Called Strike 0-2: Fielders Choice at 2nd, 2-4 (Groundball, 15S, EV 74.4 MPH)
|
|
Batting: RHB Gary Gill
|
0-0: Ball 1-0: Called Strike 1-1: Ball 2-1: Ball 3-1: Fielders Choice at 2nd, 6-4 (Groundball, 6, EV 85.0 MPH)
|
| Bottom of the 5th over - 1 run, 3 hits, 0 errors, 2 left on base; Covington 12 - Waynesboro 3 |
| TOP OF THE 6TH |
|
Covington Blue Sox batting - Pitching for Waynesboro Braves : RHP Danny Chapa
|
|
Batting: RHB William Hoff
|
0-0: Ball 1-0: Called Strike 1-1: Fly out, F6 (Popup, 6S, EV 73.1 MPH)
|
|
Batting: RHB Kenneth Bodle
|
0-0: Ball 1-0: Ball 2-0: Ball 3-0: Called Strike 3-1: Foul Ball, location: 2F 3-2: Fly out, F7 (Flyball, 78S, EV 90.0 MPH)
|
|
Batting: RHB Ronn Reynolds
|
0-0: Called Strike 0-1: Swinging Strike 0-2: Hit by Pitch
|
|
Batting: SHB Sam Haro
|
0-0: Ball 1-0: Fly out, F8 (Flyball, 8RM, EV 93.1 MPH)
|
| Top of the 6th over - 0 runs, 0 hits, 0 errors, 1 left on base; Covington 12 - Waynesboro 3 |
| BOTTOM OF THE 6TH |
|
Waynesboro Braves batting - Pitching for Covington Blue Sox : LHP Edward Rech
|
|
Batting: RHB Rey Palacios
|
0-0: Ball 1-0: Ball 2-0: Ball 3-0: DOUBLE (Flyball, 8RXD, EV 104.4 MPH) - OUT at third base trying to stretch hit.
|
|
Batting: RHB Roberto Carrero
|
0-0: Called Strike 0-1: Foul Ball, location: 2F 0-2: Ground out 4-3 (Groundball, 34, EV 80.6 MPH)
|
|
Batting: RHB Juan Velazquez
|
0-0: DOUBLE (Line Drive, 9LM, EV 91.3 MPH)
|
|
Batting: RHB Thomas Walker
|
0-0: Foul Ball, location: 2F 0-1: Ball 1-1: Foul Ball, location: 2F 1-2: Ball 2-2: SINGLE (Groundball, 3D, EV 98.1 MPH) Juan Velazquez to third Runner from 3rd tries for Home, SAFE, throw by RF to home Thomas Walker to second
|
|
Batting: RHB Andres Amoros
|
0-0: Ground out 5-3 (Groundball, 56, EV 78.8 MPH)
|
| Bottom of the 6th over - 1 run, 3 hits, 0 errors, 1 left on base; Covington 12 - Waynesboro 4 |
| TOP OF THE 7TH |
|
Covington Blue Sox batting - Pitching for Waynesboro Braves : RHP Danny Chapa
|
|
Pinch Hitting: RHB Miguel Ortiz
|
0-0: Called Strike 0-1: Reached on error, E5 (Groundball, 5, EV 93.8 MPH)
|
|
Batting: RHB Joseph Tarver
|
0-0: Ball 1-0: Ball 2-0: Foul Ball, location: 2F 2-1: Foul Ball, location: 2F 2-2: Ball 3-2: Grounds into double play, U6-3 (Groundball, 4M, EV 87.5 MPH)
|
|
Batting: LHB Tito Nanni
|
0-0: Ball 1-0: Ball 2-0: Called Strike 2-1: Foul Ball, location: 2F 2-2: Ball 3-2: Foul Ball, location: 2F 3-2: Foul Ball, location: 2F 3-2: SINGLE (Groundball, 6S, EV 68.8 MPH) (infield hit)
|
|
Batting: RHB Francisco Batista
|
0-0: DOUBLE (Line Drive, 9LM, EV 101.9 MPH) Tito Nanni to third Runner from 3rd tries for Home, SAFE, throw by RF to home
|
|
Batting: RHB Reginald Dewar
|
0-0: Foul Ball, location: 2F 0-1: Foul Ball, location: 2F 0-2: Foul Ball, location: 2F 0-2: Foul Ball, location: 2F 0-2: Foul Ball, location: 2F 0-2: Ground out 6-3 (Groundball, 6, EV 83.8 MPH)
|
| Top of the 7th over - 1 run, 2 hits, 1 error, 1 left on base; Covington 13 - Waynesboro 4 |
| BOTTOM OF THE 7TH |
|
Waynesboro Braves batting - Pitching for Covington Blue Sox : LHP Edward Rech
|
|
Now at 2B: Miguel Ortiz
|
|
|
Pinch Hitting: RHB Stanley Palmore
|
0-0: Ball 1-0: Called Strike 1-1: SINGLE (Groundball, P, EV 84.4 MPH) (infield hit)
|
|
Pinch Hitting: RHB Michael Buckley
|
0-0: SINGLE (Groundball, 34D, EV 98.1 MPH) Stanley Palmore to second
|
|
Pinch Hitting: LHB Keith Ross
|
0-0: Called Strike 0-1: Called Strike Stanley Palmore steals 3rd base Michael Buckley to second 0-2: Ball 1-2: Reached on error, E6 (Groundball, 6M, EV 79.4 MPH) Stanley Palmore scores Michael Buckley to third
|
|
Batting: RHB Gary Gill
|
0-0: Ball 1-0: Fielders Choice at 2nd, 4-6 (Groundball, 4, EV 108.1 MPH) Michael Buckley scores
|
|
Pitching: RHP Leo Lopez
|
|
|
Pinch Hitting: LHB Brent Wittmayer
|
0-0: Fly out, F8 (Flyball, 8RM, EV 78.8 MPH)
|
|
Pinch Hitting: RHB Hollis Martin
|
0-0: Ball 1-0: Swinging Strike 1-1: Foul Ball, location: 2F 1-2: Strikes out swinging
|
| Bottom of the 7th over - 2 runs, 2 hits, 1 error, 1 left on base; Covington 13 - Waynesboro 6 |
| TOP OF THE 8TH |
|
Covington Blue Sox batting - Pitching for Waynesboro Braves : RHP Danny Chapa
|
|
Now at C: Brent Wittmayer
|
|
|
Now at 1B: Bradley DeKraai
|
|
|
Now at SS: Michael Buckley
|
|
|
Now in LF: Keith Ross
|
|
|
Now in RF: Arturo Rosales
|
|
|
Batting: RHB William Hoff
|
0-0: Ball 1-0: Ball 2-0: Foul Ball, location: 2F 2-1: Foul Ball, location: 2F 2-2: Ball 3-2: Strikes out looking
|
|
Batting: RHB Kenneth Bodle
|
0-0: Ball 1-0: Ball 2-0: Ball 3-0: Called Strike 3-1: Called Strike 3-2: Fly out, F6 (Line Drive, 6, EV 61.9 MPH)
|
|
Batting: RHB Ronn Reynolds
|
0-0: Ball 1-0: Foul Ball, location: 2F 1-1: Reached on error, E6 (Groundball, 6MD, EV 84.4 MPH)
|
|
Batting: SHB Sam Haro
|
0-0: Ball 1-0: Called Strike 1-1: Called Strike 1-2: Ball 2-2: Strikes out swinging
|
| Top of the 8th over - 0 runs, 0 hits, 1 error, 1 left on base; Covington 13 - Waynesboro 6 |
| BOTTOM OF THE 8TH |
|
Waynesboro Braves batting - Pitching for Covington Blue Sox : RHP Leo Lopez
|
|
Pinch Hitting: SHB Randy McFarlen
|
0-0: Called Strike 0-1: Foul Ball, location: 2F 0-2: Ball 1-2: SINGLE (Line Drive, 8RS, EV 98.8 MPH)
|
|
Pinch Hitting: LHB Christopher Serazio
|
0-0: Ball 1-0: Foul Ball, location: 2F 1-1: Ball 2-1: Ball 3-1: Foul Ball, location: 2F 3-2: Foul Ball, location: 2F 3-2: Base on Balls Randy McFarlen to second
|
|
Pinch Hitting: RHB Orlando Gonzalez
|
0-0: Called Strike 0-1: Swinging Strike 0-2: Foul Ball, location: 2F 0-2: Strikes out swinging
|
|
Pinch Hitting: RHB Kenneth Proctor
|
0-0: Ball 1-0: Called Strike 1-1: Ball 2-1: Swinging Strike 2-2: Grounds into double play, 4-6-3 (Groundball, 4, EV 85.0 MPH)
|
| Bottom of the 8th over - 0 runs, 1 hit, 0 errors, 1 left on base; Covington 13 - Waynesboro 6 |
| TOP OF THE 9TH |
|
Covington Blue Sox batting - Pitching for Waynesboro Braves : RHP Danny Chapa
|
|
Now at 1B: Tony Woods
|
|
|
Now at 2B: Orlando Gonzalez
|
|
|
Now at 3B: Randy McFarlen
|
|
|
Now in RF: Christopher Serazio
|
|
|
Batting: RHB Miguel Ortiz
|
0-0: Called Strike 0-1: TRIPLE (Line Drive, 8RXD, EV 105.0 MPH)
|
|
Pitching: RHP Mike Colpitt
|
|
|
Batting: RHB Joseph Tarver
|
Balk! Miguel Ortiz scores 0-0: DOUBLE (Flyball, 89D, EV 99.4 MPH)
|
|
Batting: LHB Tito Nanni
|
0-0: 2-RUN HOME RUN (Line Drive, 7D, EV 108.1 MPH), Distance : 387 ft
|
|
Batting: RHB Francisco Batista
|
0-0: Ball 1-0: Called Strike 1-1: Swinging Strike 1-2: Foul Ball, location: 2F 1-2: Ball 2-2: Ball 3-2: Foul Ball, location: 2F 3-2: Strikes out swinging
|
|
Batting: RHB Reginald Dewar
|
0-0: Ball 1-0: Ground out 6-3 (Groundball, 6, EV 85.0 MPH)
|
|
Batting: RHB William Hoff
|
0-0: Called Strike 0-1: TRIPLE (Flyball, 89XD, EV 98.8 MPH)
|
|
Pinch Hitting: RHB Keith Vranesh
|
0-0: Fly out, F9 (Flyball, 9LS, EV 91.3 MPH)
|
| Top of the 9th over - 3 runs, 4 hits, 0 errors, 1 left on base; Covington 16 - Waynesboro 6 |
| BOTTOM OF THE 9TH |
|
Waynesboro Braves batting - Pitching for Covington Blue Sox : RHP Leo Lopez
|
|
Now in CF: Keith Vranesh
|
|
|
Batting: RHB Michael Buckley
|
0-0: Foul Ball, location: 2F 0-1: Called Strike 0-2: Strikes out swinging
|
|
Batting: LHB Keith Ross
|
0-0: Ground out U3 (Groundball, 34S, EV 80.0 MPH)
|
|
Batting: RHB Gary Gill
|
0-0: Called Strike 0-1: Foul Ball, location: 2F 0-2: Ball 1-2: Ball 2-2: Foul Ball, location: 2F 2-2: Ball 3-2: Fly out, F9 (Flyball, 9LS, EV 92.5 MPH)
|
| Bottom of the 9th over - 0 runs, 0 hits, 0 errors, 0 left on base; Covington 16 - Waynesboro 6 |
|